 Dungeon Crawl Stone Soup version 0.22.1-1-ga44c0e5 (webtiles) character file.

1708 Fang the Fighter (level 9, -5/90 HPs)
             Began as a Gargoyle Berserker on Sept 21, 2018.
             Was an Elder of Trog.
             Slain by Harold
             ... wielding a +0 battleaxe
              (11 damage)
             ... on level 7 of the Dungeon on Sept 23, 2018.
             The game lasted 00:08:43 (5843 turns).

Fang the Fighter (Gargoyle Berserker)               Turns: 5843, Time: 00:08:44

Health: -5/90      AC:  9    Str: 34    XL:     9   Next: 3%
Magic:  9/9        EV: 13    Int:  8    God:    Trog [****..]
Gold:   373        SH:  0    Dex:  9    Spells: 8/8 levels left

rFire    . . .     SeeInvis .   a - +3 hand axe
rCold    . . .     Gourm    .   (no shield)
rNeg     + . .     Faith    .   b - +0 animal skin
rPois    ∞         Spirit   .   (no helmet)
rElec    +         Reflect  .   (no cloak)
rCorr    .         Harm     .   f - +0 pair of gloves (curse)
MR       .....                  (no boots)
Stlth    ..........             v - amulet of the acrobat
HPRegen  0.25/turn              h - +5 ring of strength
MPRegen  0.11/turn              (no ring)

@: berserking (expiring), very quick
A: negative energy resistance 1, electricity resistance, unbreathing,
petrification resistance, rot immunity, AC +6
a: Berserk, Trog's Hand, Brothers in Arms, Renounce Religion


You were on level 7 of the Dungeon.
You worshipped Trog.
Trog was greatly pleased with you.
You were hungry.

You visited 2 branches of the dungeon, and saw 8 of its levels.
You also visited: Sewer.

You collected 373 gold pieces.

Inventory:

Hand Weapons
 a - a +3 hand axe (weapon)
Armour
 b - a +0 animal skin (worn)
 d - a +2 pair of gloves
 f - a cursed +0 pair of gloves (worn)
 n - a cursed +0 pair of gloves
Jewellery
 h - a +5 ring of strength (left hand)
 j - a +2 amulet of reflection
 v - an amulet of the acrobat (around neck)
Wands
 o - a wand of paralysis (15)
 w - a wand of digging (14)
 y - a wand of scattershot (4)
 z - a wand of polymorph (20)
Scrolls
 e - 2 scrolls of identify
 k - 5 scrolls of teleportation
 q - 2 scrolls of fear
 u - a scroll of fog
Potions
 g - 6 potions of curing
 i - 2 potions of ambrosia
 l - a potion of lignification
 m - a potion of cancellation
 p - a potion of heal wounds
 r - a potion of magic
 s - a potion of haste
 t - a potion of invisibility {unknown}
Comestibles
 c - 5 rations
 x - a chunk of flesh


   Skills:
 + Level 9.3 Fighting
 + Level 8.5 Axes
 + Level 2.2 Armour
 + Level 3.3 Dodging
 + Level 8.4 Stealth


You had 8 spell levels left.
You didn't know any spells.
Your spell library was empty.

Dungeon Overview and Level Annotations

Branches:
Dungeon (7/15)             Temple (1/1) D:4

Altars:
Elyvilon
Okawaru
Qazlal
Ru
Sif Muna
Trog
Vehumet
The Shining One

Shops:
D:6 [

Annotations:
D:7 Harold


Innate Abilities, Weirdness & Mutations

You are resistant to torment.
Your stone body is resilient. (AC +6)
You are immune to poison.
You resist negative energy. (rN+)
You are resistant to electric shocks. (rElec)
You can survive without breathing.
You are immune to petrification.
You are immune to rotting.


Message History

Harold is moderately wounded.
Harold hits you with a battleaxe.
* * * LOW HITPOINT WARNING * * *
You hit Harold.
Harold is moderately wounded.
You barely miss Harold.
Harold is moderately wounded.
Harold hits you with a battleaxe!
* * * LOW HITPOINT WARNING * * *
You barely miss Harold.
Harold is moderately wounded.
You slash Harold!
Harold is heavily wounded.
Harold hits you but does no damage.
You slice Harold!!
Harold is severely wounded.
You slash Harold!
Harold is almost dead.
Harold hits you with a battleaxe!
You die...

#.# #"##.#
#.##.#
#.##.#
#.##.#
#.##.#######
#.##@......#
#.##@#
#<##.#
#).(%#
####.# #.#
#.. ###. .#
.


You could see Harold.

Vanquished Creatures
  2 ice beasts
  A sky beast (D:5)
  Purgy (Sewer)
  2 phantoms
  3 ogres
  A bullfrog (D:6)
  A scorpion (D:6)
  2 crimson imps
  A jelly (D:5)
  3 hounds
  2 orc wizards
  2 orc priests (D:4)
  A bullfrog skeleton (D:4)
  4 worker ants
  A worker ant zombie (D:6)
  11 adders
  A shadow imp (D:6)
  An adder skeleton (D:6)
  4 dart slugs
  5 worms
  5 leopard geckos
  15 orcs
  2 ball pythons (Sewer)
  8 bats
  2 giant cockroaches
  10 hobgoblins
  11 jackals
  2 quokkas
  9 frilled lizards
  11 goblins
  11 kobolds
  3 rats
138 creatures vanquished.

Notes
Turn   | Place    | Note
-------+----------+-------------------------------------------
     0 | D:1      | Fang the Gargoyle Berserker began the quest for the Orb.
     0 | D:1      | Reached XP level 1. HP: 14/14 MP: 1/1
   333 | D:1      | Reached XP level 2. HP: 19/19 MP: 2/2
   547 | D:1      | Reached skill level 4 in Fighting
   940 | D:2      | Reached XP level 3. HP: 15/24 MP: 3/3
  1099 | D:2      | Reached ** piety under Trog
  1494 | D:2      | Reached XP level 4. HP: 26/29 MP: 4/4
  1984 | D:3      | Reached skill level 8 in Fighting
  1984 | D:3      | Reached XP level 5. HP: 40/40 MP: 5/5
  2042 | D:3      | Reached *** piety under Trog
  2042 | D:3      | Reached XP level 6. HP: 23/45 MP: 6/6
  2273 | D:3      | Found a bloodstained altar of Trog.
  2415 | D:3      | Found a glowing drain.
  2457 | Sewer    | Entered a sewer
  2664 | Sewer    | Noticed Purgy
  2675 | Sewer    | Killed Purgy
  2931 | D:4      | Reached XP level 7. HP: 50/50 MP: 7/7
  3611 | D:4      | Found a staircase to the Ecumenical Temple.
  3647 | D:4      | Reached **** piety under Trog
  3654 | Temple   | Entered the Ecumenical Temple
  3939 | D:5      | Entered Level 5 of the Dungeon
  3950 | D:5      | Reached skill level 9 in Fighting
  3950 | D:5      | Reached XP level 8. HP: 47/56 MP: 8/8
  5218 | D:6      | Found Faprarudd's Armour Shop.
  5626 | D:6      | Reached XP level 9. HP: 58/60 MP: 9/9
  5822 | D:7      | Noticed Harold
  5843 | D:7      | Slain by Harold

Skill      XL: |  1  2  3  4  5  6  7  8 |
---------------+-------------------------+-----
Axes           | 3 6 7 8 |  8.5
Fighting       | 4 8 9 |  9.3
Dodging        | 2 3 |  3.3
Stealth        | 7 8 |  8.4
Armour         | |  2.2

Action                   |  1- 3 |  4- 6 |  7- 9 || total
-------------------------+-------+-------+-------++-------
Melee: Hand axe          |   142 |   158 |   218 ||   518
Invok: Berserk           |       |     3 |     3 ||     6
  Use: Scroll            |       |    10 |    12 ||    22
       Potion            |       |     1 |       ||     1
 Stab: Sleeping          |       |     1 |    13 ||    14
  Eat: Chunk             |     2 |     4 |     5 ||    11
       Ration            |       |     1 |     2 ||     3
Armor: Animal skin       |    59 |    46 |    62 ||   167
Dodge: Dodged            |   106 |   111 |    92 ||   309
Block: Other             |       |       |     2 ||     2
